 Dungeon Crawl Stone Soup version 0.31-a0-75-g6fe912e8c5 (webtiles) character file.

Game seed: 256747900374503401

54767 greasedhog the Skirmisher (level 14, -8/111 HPs)
             Began as a Gnoll Hunter on May 24, 2023.
             Was a High Priest of Okawaru.
             Mangled by a sun demon (12 damage)
             ... summoned by an orc high priest
             ... on level 9 of the Dungeon.
             The game lasted 00:30:19 (15776 turns).

greasedhog the Skirmisher (Gnoll Hunter)           Turns: 15776, Time: 00:30:19

Health: -8/111     AC: 18    Str: 14    XL:     14   Next: 74%
Magic:  26/27      EV: 24    Int:  8    God:    Okawaru [*****.]
Gold:   1235       SH:  5    Dex: 21    Spells: 29/32 levels left

rFire   . . .        x - +0 double sword
rCold   . . .        (no shield)
rNeg    + . .        B - +5 scale mail of Cowardice {Slay+3}
rPois   +            K - +0 helmet of Cianefuf {rPois rN+ rCorr SInv}
rElec   +            v - +0 cloak
rCorr   +            u - +0 pair of gloves "Wedux" {rElec Str+3 Stlth+}
SInv    +            w - +0 pair of boots
Will    +....        H - amulet of reflection
Stlth   ++++++       n - +5 ring of evasion
HPRegen 0.38/turn    r - ring of flight
MPRegen 0.20/turn

%: reflection
@: heroic, flying
A: fangs 1, strong nose, distributed training, deformed body
a: Renounce Religion, Heroism, Finesse, Duel


You were on level 9 of the Dungeon.
You worshipped Okawaru.
Okawaru was extremely pleased with you.
You visited 4 branches of the dungeon, and saw 17 of its levels.

You collected 1235 gold pieces.

Inventory:

Hand Weapons
 a - a +3 orcbow
 b - a +0 short sword of draining
 x - a +0 double sword (weapon)
Missiles
 C - 2 silver javelins
Armour
 u - the +0 pair of gloves "Wedux" (worn) {rElec Str+3 Stlth+}
   (You found it on level 6 of the Dungeon)

   Str:       It affects your strength (+3).
   rElec:     It insulates you from electricity.
   Stlth:     It makes you more stealthy.
 v - a +0 cloak (worn)
 w - a +0 pair of boots (worn)
 B - the +5 scale mail of Cowardice (worn) {Slay+3}
   (You acquired it on level 2 of the Lair of Beasts)

   Slay:      It affects your accuracy & damage with ranged weapons and melee
   (+3).
 K - the +0 helmet of Cianefuf (worn) {rPois rN+ rCorr SInv}
   (Okawaru gifted it to you on level 2 of the Lair of Beasts)

   rPois:     It protects you from poison.
   rN:        It protects you from negative energy.
   SInv:      It lets you see invisible.
   rCorr:     It protects you from acid and corrosion.
Jewellery
 g - an amulet of regeneration
 n - a +5 ring of evasion (left hand)
 o - a ring of poison resistance
 r - a ring of flight (right hand)
 H - an amulet of reflection (around neck)
Wands
 l - a wand of paralysis (4)
 z - a wand of polymorph (7)
 E - a wand of quicksilver (6)
 G - a wand of flame (9)
 J - a wand of iceblast (6)
 N - a wand of digging (9)
 O - a wand of mindburst (7)
Scrolls
 c - 2 scrolls of immolation
 i - 2 scrolls of brand weapon
 m - 5 scrolls of teleportation
 y - a scroll of fog
 A - 2 scrolls of magic mapping
 F - a scroll of silence
 L - a scroll of blinking {unknown}
 M - a scroll of enchant armour {unknown}
 P - a scroll of poison {unknown}
Potions
 d - 3 potions of haste
 e - 10 potions of ambrosia
 f - a potion of heal wounds
 h - 3 potions of cancellation
 j - 4 potions of enlightenment
 k - a potion of magic {unknown}
 p - 2 potions of brilliance
 q - 4 potions of attraction
 s - 5 potions of curing
 t - a potion of degeneration {unknown}
 D - 3 potions of invisibility
 I - a potion of resistance


   Skills:
 + Level 10.8(15.8) Fighting
 + Level 9.8(14.8) Short Blades
 + Level 9.8(14.8) Long Blades
 + Level 9.8(14.8) Axes
 + Level 9.8(14.8) Maces & Flails
 + Level 9.8(14.8) Polearms
 + Level 9.8(14.8) Staves
 + Level 12.8(17.8) Ranged Weapons
 + Level 9.8(14.8) Throwing
 + Level 9.8(14.8) Armour
 + Level 10.8(15.8) Dodging
 + Level 10.1(15.1) Stealth
 + Level 9.8(14.8) Shields
 + Level 9.8(14.8) Unarmed Combat
 + Level 9.8 Spellcasting
 + Level 8.2 Conjurations
 + Level 8.2 Hexes
 + Level 8.2 Summonings
 + Level 8.2 Necromancy
 + Level 8.2 Translocations
 + Level 8.2 Transmutations
 + Level 8.2 Fire Magic
 + Level 8.2 Ice Magic
 + Level 8.2 Air Magic
 + Level 8.2 Earth Magic
 + Level 8.2 Poison Magic
 + Level 10.7 Invocations
 + Level 9.8 Evocations


You had 29 spell levels left.
You knew the following spells:

 Your Spells              Type           Power      Damage    Failure   Level
a - Portal Projectile     Hex/Tloc       30%        N/A       8%          3

Your spell library contained the following spells:

 Spells                   Type           Power      Damage    Failure   Level
 Static Discharge         Conj/Air       30%        2-4/arc   3%          2
 Hailstorm                Conj/Ice       15%        3d5       8%          3
 Ignite Poison            Fire/Tmut/Pois 14%        N/A       9%          3
 Airstrike                Air            8%         2d(2-18)  14%         4
 Ice Form                 Ice/Tmut       15%        N/A       24%         4
 Sticky Flame             Conj/Fire      15%        2d4       24%         4
 Blade Hands              Tmut           8%         N/A       38%         5
 Ignition                 Fire           8%         3d5       100%        8
 Tukima's Dance           Hex            Unusable   N/A       N/A         3
 Summon Lightning Spire   Summ/Air       Unusable   N/A       N/A         4
 Simulacrum               Ice/Necr       Unusable   N/A       N/A         6

Dungeon Overview and Level Annotations

Branches:
Dungeon (10/15)            Temple (1/1) D:6            Lair (5/5) D:10
 Shoals (0/4) Lair:2        Snake (0/4) Lair:3        Slime (0/5) Lair:4
    Orc (1/2) D:9

Altars:
Ashenzari
Cheibriados
Dithmenos
Elyvilon
Fedhas
Gozag
Hepliaklqana
Kikubaaqudgha
Makhleb
Nemelex Xobeh
Okawaru
Qazlal
Ru
Sif Muna
Trog
Uskayaw
Vehumet
Wu Jian
Xom
Yredelemnul
Zin
The Shining One
Jiyva
Lugonu

Portals:
Abyss: Lair:5

Annotations:
Lair:3 1 runed translucent door, Veicad's ghost, journeyman OgCA
Orc:1 Sonja


Innate Abilities, Weirdness & Mutations

You have very sharp teeth.
Your uncanny sense of smell can sniff out nearby items.
Your experience applies equally to all skills.
Armour fits poorly on your strangely shaped body.


Message History

You gain the combat prowess of a mighty hero.
The orc high priest prays to Beogh.
The ogre hits you with a +0 giant club!
x - a +0 double sword (weapon)
The orc high priest closely misses you.
You closely miss the orc high priest. You hit the orc high priest.
You bite the orc high priest, but do no damage.
The orc high priest is lightly wounded.
The orc high priest mumbles some strange prayers to Beogh against you.
Beogh smites you! You block the ogre's attack. You block the ynoxinul's attack.
You hit the orc high priest but do no damage.
You bite the orc high priest, but do no damage.
The orc high priest is lightly wounded.
The orc high priest mumbles some strange prayers to Beogh.
You hit the orc high priest.
You bite the orc high priest, but do no damage.
The orc high priest is lightly wounded.
The ogre misses you.
The ynoxinul gestures.
The orc high priest hits you but does no damage.
Unknown command.
You hit the orc high priest. You bite the orc high priest.
The orc high priest is lightly wounded.
The ynoxinul hits you but does no damage.
Unknown command.
You closely miss the orc high priest. You punch the orc high priest.
The orc high priest is moderately wounded.
The orc high priest closely misses you. The ogre misses you.
The sun demon misses you. The chaos spawn gores you.
You are engulfed in flames!
* * * LOW HITPOINT WARNING * * *
The ynoxinul closely misses you.
You slice the orc high priest!!
You bite the orc high priest, but do no damage.
The orc high priest is severely wounded.
The sun demon hits you!!
* * * LOW HITPOINT WARNING * * *
You are engulfed in flames!
You die...

................#
.###............# .#
#............######### ##
#...........[........# #
#......####(....####.#
#.>....#.....8.....#.#
#.....[#.....5)....#.#
#...........33O5.....#
##.###..8...o@)...8..#
#####..###.....[4......##
..........#...........##
#.#.......#.....8.....#
..#..)....####.....####
#.#..............###
#.#.............##
#.#.............#
..#.............#


You could see an orc high priest, a sun demon (summoned), a ynoxinul (summoned),
a chaos spawn (summoned), an ogre and 2 ufetubi.

Vanquished Creatures
  A minotaur (Lair:3)
  8 hydras
  A boulder beetle (Lair:4)
  A two-headed ogre (D:10)
  8 death yaks
  3 thrashing horrors (Lair:5)
  Urug (Lair:4)
  Amaemon (D:9)
  A skeletal warrior (D:10)
  3 skysharks
  A lindwurm (Lair:5)
  An orc knight (D:9)
  2 ugly things (Lair:5)
  4 black mambas
  5 elephants
  A smoke demon (Lair:5)
  8 cane toads
  An orange demon (D:9)
  A merfolk siren (Lair:2)
  Maggie (D:7)
  A large abomination (Lair:5)
  16 komodo dragons
  6 rime drakes
  A kobold demonologist (D:10)
  2 ancient zymes (Lair:5)
  A polar bear (Lair:2)
  A troll (D:9)
  A queen bee (Lair:3)
  A merfolk (Lair:2)
  16 blink frogs
  Prince Ribbit (D:5)
  A ynoxinul (Lair:5)
  Sigmund (D:5)
  63 yaks
  A spriggan (Lair:5)
  2 wyverns
  2 wraiths
  4 basilisks
  2 vampire mosquitoes (D:10)
  3 chaos spawn (Lair:5)
  10 small abominations (Lair:5)
  6 nagas (Lair:3)
  10 water moccasins
  An acid dragon (D:10)
  An ice beast (D:5)
  4 black bears
  8 orc warriors
  2 ogres
  4 wolves (Lair:5)
  2 centaurs
  2 phantoms (D:5)
  3 kobold brigands
  10 bullfrogs
  2 scorpions
  A gnoll sergeant (D:7)
  7 wights (D:8)
  30 killer bees
  An electric eel (Lair:5)
  A howler monkey (D:10)
  6 orc priests
  7 hounds
  4 jellies
  2 iguanas
  15 orc wizards
  A mummy (D:4)
  5 adders
  8 gnolls
  2 shadow imps
  13 white imps
  An ufetubus (D:4)
  A worm (D:3)
  3 dart slugs
  43 orcs
  6 ball pythons
  6 bats
  6 endoplasms
  5 giant cockroaches
  7 goblins
  10 hobgoblins
  2 jackals (D:4)
  13 kobolds
  2 quokkas
  4 frilled lizards
  7 rats
463 creatures vanquished.

Vanquished Creatures (others)
  An orc (Orc:1)
1 creature vanquished.

Grand Total: 464 creatures vanquished

Notes
Turn   | Place    | Note
-------+----------+-------------------------------------------
     0 | D:1      | greasedhog the Gnoll Hunter began the quest for the Orb.
     0 | D:1      | Reached XP level 1. HP: 20/20 MP: 1/1
    99 | D:1      | Reached XP level 2. HP: 26/26 MP: 2/2
   322 | D:1      | Reached XP level 3. HP: 31/31 MP: 3/3
   920 | D:2      | Reached skill level 1 in Invocations
  1207 | D:2      | Found a faded altar of an unknown god.
  1482 | D:3      | Reached skill level 1 in Short Blades
  1482 | D:3      | Reached skill level 1 in Long Blades
  1482 | D:3      | Reached skill level 1 in Axes
  1482 | D:3      | Reached skill level 1 in Maces & Flails
  1482 | D:3      | Reached skill level 1 in Polearms
  1482 | D:3      | Reached skill level 1 in Staves
  1482 | D:3      | Reached skill level 1 in Throwing
  1482 | D:3      | Reached skill level 1 in Armour
  1482 | D:3      | Reached skill level 1 in Shields
  1482 | D:3      | Reached skill level 1 in Unarmed Combat
  1482 | D:3      | Reached skill level 1 in Spellcasting
  1482 | D:3      | Reached skill level 1 in Evocations
  1561 | D:3      | Found a glowing golden altar of the Shining One.
  1591 | D:3      | Found an ancient bone altar of Kikubaaqudgha.
  1690 | D:3      | Reached XP level 4. HP: 38/38 MP: 5/5
  1809 | D:3      | Reached skill level 1 in Conjurations
  1809 | D:3      | Reached skill level 1 in Hexes
  1809 | D:3      | Reached skill level 1 in Summonings
  1809 | D:3      | Reached skill level 1 in Necromancy
  1809 | D:3      | Reached skill level 1 in Translocations
  1809 | D:3      | Reached skill level 1 in Transmutations
  1809 | D:3      | Reached skill level 1 in Fire Magic
  1809 | D:3      | Reached skill level 1 in Ice Magic
  1809 | D:3      | Reached skill level 1 in Air Magic
  1809 | D:3      | Reached skill level 1 in Earth Magic
  1809 | D:3      | Reached skill level 1 in Poison Magic
  2067 | D:4      | Reached XP level 5. HP: 43/43 MP: 5/7
  2390 | D:4      | Found a snail-covered altar of Cheibriados.
  2397 | D:4      | Reached XP level 6. HP: 50/50 MP: 8/8
  2536 | D:5      | Entered Level 5 of the Dungeon
  2563 | D:5      | Noticed Prince Ribbit
  2564 | D:5      | Noticed Sigmund
  2567 | D:5      | Killed Prince Ribbit
  2568 | D:5      | Reached skill level 5 in Fighting
  2568 | D:5      | Reached skill level 5 in Dodging
  2569 | D:5      | Killed Sigmund
  2570 | D:5      | Reached XP level 7. HP: 31/56 MP: 8/10
  2623 | D:5      | Reached skill level 9 in Ranged Weapons
  2700 | D:5      | Reached XP level 8. HP: 49/63 MP: 12/12
  2802 | D:5      | Found a hazy altar of Hepliaklqana.
  2803 | D:5      | Found a hide-covered altar of Uskayaw.
  2805 | D:5      | Found a bloodstained altar of Trog.
  2919 | D:5      | Found a stormy altar of Qazlal.
  2952 | D:5      | Found a basalt altar of Yredelemnul.
  3636 | D:6      | Identified the +0 pair of gloves "Wedux" {rElec Str+3
                  | Stlth+}
  3802 | D:6      | Found a staircase to the Ecumenical Temple.
  3822 | Temple   | Entered the Ecumenical Temple
  4252 | D:7      | Noticed a yak
  4252 | D:7      | Noticed a yak
  4293 | D:7      | Noticed a yak
  4314 | D:6      | Killed a yak
  4328 | D:6      | Killed a yak
  4329 | D:6      | Reached XP level 9. HP: 40/69 MP: 13/15
  4562 | D:7      | Reached skill level 5 in Stealth
  4689 | D:7      | Noticed Maggie
  4724 | D:7      | Killed Maggie
  4725 | D:7      | Reached skill level 5 in Invocations
  5200 | D:8      | Reached skill level 5 in Short Blades
  5200 | D:8      | Reached skill level 5 in Long Blades
  5200 | D:8      | Reached skill level 5 in Axes
  5200 | D:8      | Reached skill level 5 in Maces & Flails
  5200 | D:8      | Reached skill level 5 in Polearms
  5200 | D:8      | Reached skill level 5 in Staves
  5200 | D:8      | Reached skill level 5 in Throwing
  5200 | D:8      | Reached skill level 5 in Armour
  5200 | D:8      | Reached skill level 5 in Shields
  5200 | D:8      | Reached skill level 5 in Unarmed Combat
  5200 | D:8      | Reached skill level 5 in Spellcasting
  5200 | D:8      | Reached skill level 5 in Evocations
  5200 | D:8      | Reached XP level 10. HP: 68/77 MP: 17/17
  5279 | D:8      | Reached skill level 10 in Ranged Weapons
  5746 | D:9      | Found a sacrificial altar of Ru.
  5879 | D:9      | Noticed Amaemon
  5879 | D:9      | Noticed an orange demon
  5904 | D:9      | Killed Amaemon
  6109 | D:9      | Found an iron altar of Okawaru.
  6127 | D:9      | Became a worshipper of Warmaster Okawaru
  6184 | D:9      | Found a staircase to the Orcish Mines.
  6465 | D:9      | Killed an orange demon
  6465 | D:9      | Reached * piety under Okawaru
  6543 | D:10     | Entered Level 10 of the Dungeon
  6618 | D:10     | Reached ** piety under Okawaru
  6671 | D:10     | Noticed a skeletal warrior
  6687 | D:10     | Killed a skeletal warrior
  6770 | D:10     | Reached skill level 5 in Conjurations
  6770 | D:10     | Reached skill level 5 in Hexes
  6770 | D:10     | Reached skill level 5 in Summonings
  6770 | D:10     | Reached skill level 5 in Necromancy
  6770 | D:10     | Reached skill level 5 in Translocations
  6770 | D:10     | Reached skill level 5 in Transmutations
  6770 | D:10     | Reached skill level 5 in Fire Magic
  6770 | D:10     | Reached skill level 5 in Ice Magic
  6770 | D:10     | Reached skill level 5 in Air Magic
  6770 | D:10     | Reached skill level 5 in Earth Magic
  6770 | D:10     | Reached skill level 5 in Poison Magic
  6787 | D:10     | Noticed a kobold demonologist
  6798 | D:10     | Killed a kobold demonologist
  6799 | D:10     | Reached XP level 11. HP: 82/85 MP: 20/20
  6849 | D:10     | Reached *** piety under Okawaru
  7119 | D:10     | Found a staircase to the Lair.
  7550 | D:10     | Noticed a two-headed ogre
  7562 | D:10     | Killed a two-headed ogre
  7562 | D:10     | Reached **** piety under Okawaru
  7726 | D:10     | Found an ornate altar of the Wu Jian Council.
  7806 | Lair:1   | Entered Level 1 of the Lair of Beasts
  7938 | Lair:1   | Reached skill level 11 in Ranged Weapons
  8258 | Lair:1   | Identified the +5 battleaxe of Disembowelment {freeze,
                  | +Blink rN+ Dex+2}
  8417 | Lair:1   | Reached XP level 12. HP: 82/94 MP: 22/22
  8645 | Lair:1   | Reached ***** piety under Okawaru
  8667 | Lair:1   | Received a gift from Okawaru
  8847 | Lair:2   | Found a frozen archway.
  9301 | Lair:2   | Identified a scroll of acquirement
  9306 | Lair:2   | Acquired the +5 scale mail of Cowardice {Slay+3}
  9583 | Lair:2   | Identified the +0 helmet of Cianefuf {rPois rN+ rCorr SInv}
                  | (Okawaru gifted it to you on level 2 of the Lair of Beasts)
  9583 | Lair:2   | Received a gift from Okawaru
 10043 | Lair:2   | Found a staircase to the Shoals.
 10240 | Lair:3   | Found a staircase to the Snake Pit.
 10647 | Lair:3   | Noticed a skyshark
 10661 | Lair:3   | Killed a skyshark
 11124 | Lair:3   | Found a runed translucent door.
 11125 | Lair:3   | Noticed Veicad's ghost (journeyman OgCA)
 11127 | Lair:3   | Identified the +1 trident of Noti {flame, rPois}
 11314 | Lair:3   | Found a runed translucent door.
 11639 | Lair:3   | Noticed a minotaur
 11655 | Lair:3   | Killed a minotaur
 11656 | Lair:3   | Reached XP level 13. HP: 35/101 MP: 18/25
 12049 | Lair:4   | Received a gift from Okawaru
 12277 | Lair:4   | Reached skill level 12 in Ranged Weapons
 12289 | Lair:4   | Received a gift from Okawaru
 12395 | Lair:4   | Noticed Urug
 12415 | Lair:4   | Killed Urug
 12609 | Lair:4   | Learned a level 3 spell: Portal Projectile
 12752 | Lair:4   | Found a staircase to the Slime Pits.
 12753 | Lair:4   | Found a viscous altar of Jiyva.
 13020 | Lair:5   | Entered Level 5 of the Lair of Beasts
 13050 | Lair:5   | Reached skill level 10 in Fighting
 13050 | Lair:5   | Reached skill level 10 in Dodging
 13284 | Lair:5   | Reached ****** piety under Okawaru
 13342 | Lair:5   | Received a gift from Okawaru
 13651 | Lair:5   | Reached skill level 10 in Invocations
 13651 | Lair:5   | Reached XP level 14. HP: 110/110 MP: 27/27
 13876 | Lair:5   | Received a gift from Okawaru
 14140 | Lair:5   | Received a gift from Okawaru
 14325 | Lair:5   | Received a gift from Okawaru
 14469 | Lair:5   | Identified the +1 robe of the Transmuting Gods {Rampage
                  | Will+ Dex+2} (Okawaru gifted it to you on level 5 of the
                  | Lair of Beasts)
 14469 | Lair:5   | Received a gift from Okawaru
 14679 | Lair:5   | Reached skill level 10 in Stealth
 15088 | Lair:5   | Found a corrupted altar of Lugonu.
 15088 | Lair:5   | Found a one-way gate to the infinite horrors of the Abyss.
 15442 | Orc:1    | Entered Level 1 of the Orcish Mines
 15445 | Orc:1    | Noticed Sonja
 15474 | Orc:1    | Gained mutation: Armour fits poorly on your strangely
                  | shaped body. [a neqoxec]
 15776 | D:9      | HP: 4/111 [sun demon[an orc high priest] (21)]
 15776 | D:9      | Mangled by a sun demon

Illustrated notes

Levels and vault maps discovered:
D:1:      dpeg_arrival_windows_large_door, layout_rooms
D:2:      layout_basic, dilly_ecumenical_altar_fadedgnrine,
          chequers_serial_rivers_small_b
D:3:      layout_loops_ring, mainiacjoe_overflow_large_starburst
D:4:      layout_cave_pools, slow_altar_2
D:5:      layout_loops_ring, nicolae_overflow_hidden_temple,
          minmay_strange_pillars, uniq_prince_ribbit1, uniq_sigmund
D:6:      layout_rooms, minmay_temple_entry_tees
D:7:      cheibrodos_helix_gallery, layout_cave_pools, hex_large, uniq_maggie
D:8:      layout_basic, grunt_decor_cap
D:9:      layout_roguey, nicolae_ru_great_annihilating_truth,
          mainiacjoe_overflow_cross_hatched, david_orc_2, uniq_amaemon
D:10:     wad_cavern_with_rooms, layout_long_grid,
          pdpol_wu_jian_five_deadly_venoms, david_lair_generic
Temple:   grunt_temple_mini_profane
Lair:1:   layout_regular_city, serial_bayou_crossing
Lair:2:   layout_long_grid, elwin_shoals_entry_rooms, portal_ice_cave_entry_imps
Lair:3:   dreamdust_labyrinth, layout_small_grid,
          minmay_snake_entry_guardpost_medium, ebering_ghost_funeral_grove,
          special_room [special_room_bee]
Lair:4:   layout_roguey, slime_entry_1, serial_rivers,
          chequers_serial_rivers_marsh, chequers_serial_rivers_micro_a,
          chequers_serial_rivers_small_a, chequers_serial_rivers_large_b,
          minivault_24, st_stairs_4, chequers_serial_rivers_micro_b, uniq_urug
Lair:5:   hellmonk_lair_end_abyssal_woods, layout_regular_city,
          serial_bayou_shore_a, infiniplex_staircase_pool_2, grunt_megastairs_1
Orc:1:    layout_caves, basic_altar, uniq_erolcha, uniq_sonja

Skill      XL: |  1  2  3  4  5  6  7  8  9 10 11 12 13 14 |
---------------+-------------------------------------------+-----
Invocations    | 1 2 3 4 5 6 7 8 10 | 10.7
Short Blades   | 1 2 3 4 5 6 7 8 9 |  9.8
Long Blades    | 1 2 3 4 5 6 7 8 9 |  9.8
Axes           | 1 2 3 4 5 6 7 8 9 |  9.8
Maces & Flails | 1 2 3 4 5 6 7 8 9 |  9.8
Polearms       | 1 2 3 4 5 6 7 8 9 |  9.8
Staves         | 1 2 3 4 5 6 7 8 9 |  9.8
Throwing       | 1 2 3 4 5 6 7 8 9 |  9.8
Armour         | 1 2 3 4 5 6 7 8 9 |  9.8
Shields        | 1 2 3 4 5 6 7 8 9 |  9.8
Unarmed Combat | 1 2 3 4 5 6 7 8 9 |  9.8
Spellcasting   | 1 2 3 4 5 6 7 8 9 |  9.8
Evocations     | 1 2 3 4 5 6 7 8 9 |  9.8
Conjurations   | 1 2 3 4 5 6 7 8 |  8.2
Hexes          | 1 2 3 4 5 6 7 8 |  8.2
Summonings     | 1 2 3 4 5 6 7 8 |  8.2
Necromancy     | 1 2 3 4 5 6 7 8 |  8.2
Translocations | 1 2 3 4 5 6 7 8 |  8.2
Transmutations | 1 2 3 4 5 6 7 8 |  8.2
Fire Magic     | 1 2 3 4 5 6 7 8 |  8.2
Ice Magic      | 1 2 3 4 5 6 7 8 |  8.2
Air Magic      | 1 2 3 4 5 6 7 8 |  8.2
Earth Magic    | 1 2 3 4 5 6 7 8 |  8.2
Poison Magic   | 1 2 3 4 5 6 7 8 |  8.2
Stealth        | 3 4 5 6 7 8 9 10 | 10.1
Fighting       | 5 6 7 8 9 10 | 10.8
Dodging        | 5 6 7 8 9 10 | 10.8
Ranged Weapons | 9 10 11 12 | 12.8

Action                     |  1- 3 |  4- 6 |  7- 9 | 10-12 | 13-15 || total
---------------------------+-------+-------+-------+-------+-------++-------
  Melee: Short sword       |       |       |   101 |    43 |    65 ||   209
         Punch             |       |       |     5 |     6 |    12 ||    23
         Bite              |       |       |     6 |    19 |    45 ||    70
         Orcbow            |       |       |     3 |       |       ||     3
         Long sword        |       |       |       |    12 |       ||    12
         Double sword      |       |       |       |    71 |   123 ||   194
   Fire: Shortbow          |   135 |   104 |   115 |       |       ||   354
         Orcbow            |       |       |   247 |   824 |   688 ||  1759
  Throw: Javelin           |       |       |       |       |     2 ||     2
 Invoke: Heroism           |       |       |       |     4 |     5 ||     9
         Finesse           |       |       |       |     2 |     4 ||     6
  Evoke: Wand              |       |       |       |     7 |       ||     7
    Use: Scroll            |       |     1 |    11 |     7 |     5 ||    24
         Potion            |       |       |       |     6 |       ||     6
 Armour: Ring mail         |    20 |     9 |   126 |       |       ||   155
         Steam dragon scal |       |       |     5 |    80 |       ||    85
         Scale mail        |       |       |       |    77 |   277 ||   354
  Dodge: Dodged            |    33 |    30 |   440 |   775 |   804 ||  2082
  Block: Other             |       |       |       |    32 |    14 ||    46
         Reflection        |       |       |       |       |     1 ||     1

Table legend: (Time is in decaauts)
 A = Elapsed time spent in this place.
 B = Non-inter-level travel time spent in this place.
 C = Inter-level travel time spent in this place.
 D = Time resting spent in this place.
 E = Time spent auto-exploring this place.
 F = Levels seen in this place.
 G = Mean time per level.
                   A        B        C        D        E       F      G
               +--------+--------+--------+--------+--------+-----+--------+
         Total |  15792 |  15026 |    766 |   1530 |   9563 |  17 |  928.9 |
       Dungeon |   8002 |   7615 |    387 |    712 |   4999 |  10 |  800.2 |
        Temple |    209 |    185 |     24 |      0 |    185 |   1 |  209.0 |
          Lair |   7561 |   7207 |    354 |    818 |   4378 |   5 | 1512.2 |
  Orcish Mines |     18 |     18 |      0 |      0 |      0 |   1 |   18.0 |
               +--------+--------+--------+--------+--------+-----+--------+

Top non-repeatable levels by time:
  Lair:5: 2019 daAuts
  Lair:3: 1752 daAuts
  Lair:2: 1387 daAuts
  Lair:4: 1366 daAuts
    D:10: 1286 daAuts
     D:9: 1145 daAuts
  Lair:1: 1035 daAuts
     D:2: 950 daAuts
     D:6: 865 daAuts
     D:5: 758 daAuts
     D:7: 715 daAuts
     D:8: 666 daAuts
     D:3: 573 daAuts
     D:1: 527 daAuts
     D:4: 513 daAuts
